 Dungeon Crawl Stone Soup version 0.19-a0 (webtiles) character file.

128 graki42 the Sneak (level 5, 0/35 HPs)
             Began as a Halfling Assassin on Apr 27, 2016.
             Slain by an adder (2 damage)
             ... on level 3 of the Dungeon.
             The game lasted 00:06:17 (2201 turns).

graki42 the Sneak (Halfling Assassin)               Turns: 2201, Time: 00:06:18

Health: 0/35       AC:  3    Str:  9 (11) XL:     5   Next: 34%
Magic:  5/5        EV: 14    Int:  8 (10) God:
Gold:   112        SH:  0    Dex: 16 (17) Spells: 0 memorised, 4 levels left

rFire  + . .     SeeInvis .     b - +0 blowgun
rCold  x . .     Gourm    .     i - -2 leather armour
rNeg   . . .     Faith    .     (shield restricted)
rPois  .         Spirit   .     c - +0 helmet
rElec  .         Dismiss  .     d - +0 cloak
rCorr  .         Reflect  .     (no gloves)
SustAt .         Harm     .     (no boots)
MR     .....                    (no amulet)
Stlth  +++.......               (no ring)
                                l - ring of fire

@: lethally poisoned (0 -> -6), flying, not resistant to hostile enchantments,
fairly stealthy
A: mutation resistance 1
a: no special abilities


You were on level 3 of the Dungeon.
You were very hungry.

You visited 1 branch of the dungeon, and saw 3 of its levels.

You collected 112 gold pieces.

Inventory:

Hand Weapons
 a - a +2 dagger
 b - a +0 blowgun (weapon)
 m - a +0 dagger of venom
Missiles
 e - 7 poisoned needles (quivered)
Armour
 c - a +0 helmet (worn)
 d - a +0 cloak (worn)
 i - a -2 leather armour (worn)
Jewellery
 h - an uncursed ring of magical power {unknown}
 l - a ring of fire (left hand)
Scrolls
 j - a scroll of teleportation
Potions
 k - a potion of flight
 o - a potion of might
 q - a potion of haste {unknown}
 r - a potion of degeneration
 t - a potion of brilliance
 u - a potion of lignification {unknown}
 w - a potion of magic
Comestibles
 g - 3 bread rations
 p - a beef jerky
 s - a meat ration
 v - a royal jelly


   Skills:
 + Level 2.3 Fighting
 + Level 3.6 Short Blades
 * Level 3.2 Throwing
 + Level 0.9 Armour
 + Level 1.7 Dodging
 + Level 5.4 Stealth


You had 4 spell levels left.
You didn't know any spells.

Dungeon Overview and Level Annotations

Branches:
Dungeon (3/15)

Altars:
Ashenzari
Nemelex Xobeh

Portals:
Sewer: D:3


Innate Abilities, Weirdness & Mutations

You are small and have problems with some larger weapons.
You are somewhat resistant to further mutation.


Message History

You feel sick. The adder bites you.
* * * LOW HITPOINT WARNING * * *
You can't go up here!
Drink which item? (? for menu, Esc to quit)
It was a potion of flight.
You feel very buoyant.
You fly up into the air.
The adder bites you.
* * * LOW HITPOINT WARNING * * *
The adder misses you.
Drink which item? (? for menu, Esc to quit)
It was a potion of degeneration.
There was something very wrong with that liquid.
You feel weakened.
You feel dopey.
You feel clumsy.
* * * LOW HITPOINT WARNING * * *
You feel sick. The adder barely misses you.
Drink which item? (? for menu, Esc to quit)
It was a potion of magic.
Magic courses through your body.
* * * LOW HITPOINT WARNING * * *
You feel sick. The adder bites you.
You die...

#......... ...#..
##.####.#.##...###
#....#..#⌠.#.+#..⌠
#..#....#.........
#≈##†####........#
#≈##.#...........#
#≈##.+...+..._...+
#≈##.#...#.......#
#@#...####.......#
#S##....#.........
#≈####..#⌠.##+.#.⌠
#∩# ...###....##
#(# #.....#...#..
### ......#...#..
#.###.#####.. .#
.. ...# ...##


You could see an adder.

Vanquished Creatures
  A worker ant (D:3)
  4 adders
  An ooze (D:3)
  A worm (D:3)
  3 dart slugs
  2 giant geckos
  5 orcs (D:3)
  A giant cockroach (D:1)
  3 goblins
  7 hobgoblins
  3 jackals (D:1)
  5 bats
  2 giant newts
  10 kobolds
  5 rats
53 creatures vanquished.

Notes
Turn   | Place    | Note
--------------------------------------------------------------
     0 | D:1      | graki42 the Halfling Assassin began the quest for the Orb.
     0 | D:1      | Reached XP level 1. HP: 14/14 MP: 1/1
   399 | D:1      | Reached XP level 2. HP: 16/19 MP: 2/2
   961 | D:1      | Reached XP level 3. HP: 24/24 MP: 3/3
  1170 | D:2      | Found a sparkling altar of Nemelex Xobeh.
  1509 | D:2      | Reached skill level 5 in Stealth
  1534 | D:2      | Reached XP level 4. HP: 24/29 MP: 4/4
  2005 | D:3      | Reached XP level 5. HP: 31/34 MP: 5/5
  2162 | D:3      | Found a shattered altar of Ashenzari.
  2186 | D:3      | Found a glowing drain.
  2201 | D:3      | Slain by an adder

Vault maps used:
D:1:      evilmike_arrival_rings
D:2:      first_bread, nemelex_deck
D:3:      minmay_door_path, evilmike_ruin_ashenzari, portal_sewer_entry_d,
          st_stairs_8, grunt_ministairs_5

Skill      XL: |  1  2  3  4 |
---------------+-------------+-----
Short Blades   | 3 |  3.6
Fighting       | 2 |  2.3
Stealth        | 5 |  5.4
Throwing       | 3 |  3.2
Armour         | |  0.9
Dodging        | |  1.7

Action                   |  1- 3 |  4- 6 || total
-------------------------+-------+-------++-------
Melee: Dagger            |    93 |    54 ||   147
 Fire: Blowgun           |       |     3 ||     3
  Use: Scroll            |     3 |     6 ||     9
       Potion            |     1 |     3 ||     4
 Stab: Sleeping          |     6 |    10 ||    16
  Eat: Chunk             |     1 |     2 ||     3
Armor: Leather armour    |    18 |     4 ||    22
Dodge: Dodged            |    67 |    22 ||    89
